 Dungeon Crawl Stone Soup version 0.29.1-1-gd02db6906a (webtiles) character file.

Game seed: 16236952440057827005

6127 GreedyBanger the Carver (level 10, -3/83 HPs)
             Began as a Barachi Fighter on Sept 26, 2022.
             Was an Elder of Okawaru.
             Slain by a skeletal warrior
             ... wielding a +0 halberd
              (19 damage)
             ... on level 9 of the Dungeon.
             The game lasted 00:17:58 (11420 turns).

GreedyBanger the Carver (Barachi Fighter)          Turns: 11420, Time: 00:17:59

Health: -3/83      AC: 25    Str: 24    XL:     10   Next: 89%
Magic:  14/14      EV: 15    Int:  8    God:    Okawaru [****..]
Gold:   148        SH:  6    Dex: 12    Spells: 9/9 levels left

rFire   . . .      SeeInvis .   P - +2 long sword (freeze)
rCold   . . .      Faith    .   c - +0 buckler
rNeg    . . .      Spirit   .   i - +3 chain mail {Will+}
rPois   .          Reflect  .   (no helmet)
rElec   .          Harm     .   f - +0 cloak of the Depths {Will+ Str+2 Slay+4 Stlth-}
rCorr   .          Rampage  .   (no gloves)
Will    ++...                   B - +2 pair of boots
Stlth   ..........              (no amulet)
HPRegen 0.23/turn               t - +4 ring of evasion
MPRegen 0.14/turn               x - +4 ring of protection

@: heroic, slow
A: amphibious, slowness 1, strong legs 1, +LOS
a: Hop, Renounce Religion, Heroism, Finesse


You were on level 9 of the Dungeon.
You worshipped Okawaru.
Okawaru was greatly pleased with you.
You visited 2 branches of the dungeon, and saw 10 of its levels.
You also visited: Ossuary.

You collected 572 gold pieces.
You spent 424 gold pieces at shops.

Inventory:

Hand Weapons
 a - a +1 long sword
 e - a +0 halberd
 P - a +2 long sword of freezing (weapon)
Missiles
 k - 8 boomerangs (quivered)
 o - 44 stones
 u - 2 throwing nets
 D - 5 javelins
Armour
 b - a +0 scale mail
 c - a +0 buckler (worn)
 f - the +0 cloak of the Depths (worn) {Will+ Str+2 Slay+4 Stlth-}
   (You acquired it on level 7 of the Dungeon)

   Str:       It affects your strength (+2).
   Slay:      It affects your accuracy & damage with ranged weapons and melee
   (+4).
   Will:      It increases your willpower.
   Stlth:     It makes you less stealthy.
 i - a +3 chain mail of willpower (worn)
 B - a +2 pair of boots (worn)
 C - a +1 chain mail
 K - a +0 scale mail of fire resistance
Jewellery
 j - a ring of magical power
 t - a +4 ring of evasion (left hand)
 x - a +4 ring of protection (right hand)
 G - a ring of flight
 I - an amulet of magic regeneration
 Q - an amulet of reflection
Wands
 y - a wand of iceblast (9)
 z - a wand of digging (9)
 H - a wand of paralysis (2)
Scrolls
 d - 4 scrolls of enchant weapon
 g - 2 scrolls of teleportation
 h - a scroll of silence
 r - 3 scrolls of poison
 J - a scroll of enchant armour
 L - 2 scrolls of vulnerability {unknown}
 M - a scroll of fear {unknown}
Potions
 l - 4 potions of attraction
 m - 2 potions of curing
 n - a potion of heal wounds
 p - 2 potions of ambrosia
 q - 2 potions of cancellation
 s - 2 potions of magic
 v - 4 potions of flight
 w - 3 potions of lignification
 A - a potion of degeneration
 E - 6 potions of brilliance
 F - a potion of mutation
 N - a potion of might
 O - a potion of resistance {unknown}


   Skills:
 + Level 9.2(14.2) Fighting
 * Level 12.2(17.2) Long Blades
 + Level 9.2(14.2) Armour
 + Level 2.9(7.9) Dodging
 - Level 4.5(9.5) Shields
 + Level 5.8 Invocations


You had 9 spell levels left.
You didn't know any spells.
Your spell library contained the following spells:

 Spells                   Type           Power      Damage    Failure   Level
 Sandblast                Erth           0%         2d4       93%         1
 Blink                    Tloc           0%         N/A       98%         2
 Passwall                 Tmut/Erth      0%         N/A       98%         2
 Lesser Beckoning         Tloc           0%         N/A       100%        3
 Stone Arrow              Conj/Erth      0%         3d7       100%        3
 Manifold Assault         Tloc           0%         N/A       100%        5


Dungeon Overview and Level Annotations

Branches:
Dungeon (9/15)             Temple (1/1) D:4         Ossuary (visited)
   Lair: D:8-11         Orc: D:9-12

Altars:
Ashenzari
Dithmenos
Elyvilon
Fedhas
Gozag
Hepliaklqana
Kikubaaqudgha
Makhleb
Nemelex Xobeh
Okawaru
Ru
Sif Muna
Uskayaw
Vehumet
Wu Jian
Xom
Yredelemnul
The Shining One

Shops:
D:7 [


Innate Abilities, Weirdness & Mutations

You are amphibious.
You cover ground slowly.
You can hop short distances.
You have an extended range of vision and can be seen from far away.


Message History

The skeletal warrior is lightly damaged.
The skeletal warrior hits you with a +0 halberd.
You slash the skeletal warrior! You freeze the skeletal warrior.
The skeletal warrior is moderately damaged.
You slash the skeletal warrior! You freeze the skeletal warrior.
The skeletal warrior is heavily damaged.
The skeletal warrior hits you with a +0 halberd.
You hit the skeletal warrior but do no damage.
The skeletal warrior is heavily damaged.
The skeletal warrior closely misses you.
You slash the skeletal warrior!
The skeletal warrior is severely damaged.
You block the skeletal warrior's attack.
You barely miss the skeletal warrior.
The skeletal warrior is severely damaged.
You completely miss the skeletal warrior.
The skeletal warrior is severely damaged.
You block the skeletal warrior's attack.
You hit the skeletal warrior.
The skeletal warrior is severely damaged.
The skeletal warrior hits you but does no damage.
You slash the skeletal warrior!
The skeletal warrior is almost destroyed.
You barely miss the skeletal warrior.
The skeletal warrior is almost destroyed.
The skeletal warrior hits you with a +0 halberd!
* * * LOW HITPOINT WARNING * * *
You hit the skeletal warrior.
The skeletal warrior is almost destroyed.
You block the skeletal warrior's attack.
You hit the skeletal warrior but do no damage.
The skeletal warrior is almost destroyed.
You hit the skeletal warrior.
The skeletal warrior is almost destroyed.
The skeletal warrior hits you with a +0 halberd.
* * * LOW HITPOINT WARNING * * *
You hit the skeletal warrior. You freeze the skeletal warrior.
The skeletal warrior is almost destroyed.
The skeletal warrior hits you with a +0 halberd!!
You die...

.# #.# #.# #.# # ##.# #. ##
#..# #.##.# ########..#
#.....#####z@.......# ######
##..........####.)..###....##
##.......##### #......#......#
#.........## ##.............#
...........## #...............
............# #...............
........z...##................
.........z..##................
.............#.......#........


You could see a skeletal warrior.

Vanquished Creatures
  Gastronok (D:8)
  4 skeletal warriors (D:9)
  A wyvern (D:8)
  2 steam dragons (D:7)
  Menkaure (D:7)
  2 water moccasins
  3 ice beasts
  A black bear (D:6)
  2 ogres
  A phantom (D:5)
  A necrophage (D:5)
  3 scorpions
  2 water moccasin zombies (Ossuary)
  5 wights (D:9)
  3 killer bees (D:8)
  4 hounds
  2 jellies
  2 gnoll boudas
  3 orc priests
  Terence (D:2)
  5 iguanas
  2 orc wizards
  2 mummies (Ossuary)
  5 adders
  16 gnolls
  A shadow imp (D:7)
  An ufetubus (D:5)
  6 adder zombies (Ossuary)
  4 dart slugs
  13 orcs
  6 endoplasms
  4 giant cockroaches
  A gnoll zombie (Ossuary)
  8 goblins
  8 hobgoblins
  8 jackals
  8 quokkas
  7 ball pythons
  8 bats
  4 frilled lizards
  4 hobgoblin zombies (Ossuary)
  7 kobolds
  4 kobold zombies (Ossuary)
  2 orc zombies (Ossuary)
  5 rats
183 creatures vanquished.

Notes
Turn   | Place    | Note
-------+----------+-------------------------------------------
     0 | D:1      | GreedyBanger the Barachi Fighter began the quest for the
                  | Orb.
     0 | D:1      | Reached XP level 1. HP: 18/18 MP: 1/1
   248 | D:1      | Found a faded altar of an unknown god.
   253 | D:1      | Noticed a great orb of eyes
   253 | D:1      | Noticed an eye of devastation
   253 | D:1      | Noticed a shining eye
   253 | D:1      | Noticed a shining eye
   297 | D:1      | Reached XP level 2. HP: 22/25 MP: 2/2
   408 | D:1      | Reached skill level 3 in Long Blades
   655 | D:1      | Reached XP level 3. HP: 29/30 MP: 3/3
  1616 | D:2      | Reached XP level 4. HP: 37/37 MP: 4/4
  1870 | D:2      | Noticed Terence
  1886 | D:2      | Killed Terence
  1887 | D:2      | Reached skill level 4 in Long Blades
  2278 | D:3      | Reached XP level 5. HP: 37/43 MP: 5/5
  2917 | D:4      | Reached skill level 5 in Long Blades
  2917 | D:4      | Reached XP level 6. HP: 39/49 MP: 6/6
  3092 | D:4      | Found a staircase to the Ecumenical Temple.
  3349 | Temple   | Entered the Ecumenical Temple
  3661 | Temple   | Became a worshipper of Warmaster Okawaru
  4079 | D:4      | Found a sacrificial altar of Ru.
  4144 | D:4      | Reached skill level 5 in Fighting
  4144 | D:4      | Reached skill level 5 in Armour
  4462 | D:5      | Entered Level 5 of the Dungeon
  4462 | D:5      | Found a shadowy altar of Dithmenos.
  4616 | D:5      | Reached skill level 6 in Long Blades
  4616 | D:5      | Reached skill level 1 in Invocations
  4616 | D:5      | Reached XP level 7. HP: 16/56 MP: 7/7
  5438 | D:5      | Reached * piety under Okawaru
  5443 | D:5      | Found a basalt altar of Yredelemnul.
  5444 | D:5      | Found a radiant altar of Vehumet.
  5476 | D:5      | Reached skill level 7 in Long Blades
  5476 | D:5      | Reached XP level 8. HP: 48/64 MP: 9/9
  6238 | D:6      | Found a hide-covered altar of Uskayaw.
  6943 | D:6      | Reached skill level 8 in Long Blades
  7415 | D:6      | Reached ** piety under Okawaru
  7920 | D:7      | Identified a scroll of acquirement
  7920 | D:7      | Acquired the +0 cloak of the Depths {Will+ Str+2 Slay+4
                  | Stlth-}
  8073 | D:7      | Found a sand-covered staircase.
  8079 | Ossuary  | Entered an ossuary
  8091 | Ossuary  | Reached XP level 9. HP: 69/71 MP: 11/11
  8172 | Ossuary  | Reached skill level 9 in Long Blades
  8267 | D:7      | Found Neilahoe's Armour Shop.
  8279 | D:7      | Bought a +3 chain mail of willpower for 424 gold pieces
  9008 | D:7      | Noticed Menkaure
  9024 | D:7      | Killed Menkaure
  9612 | D:8      | Noticed Gastronok
  9925 | D:8      | Reached skill level 10 in Long Blades
 10114 | D:8      | Killed Gastronok
 10114 | D:8      | Reached *** piety under Okawaru
 10115 | D:8      | Reached skill level 11 in Long Blades
 10115 | D:8      | Reached skill level 5 in Invocations
 10115 | D:8      | Reached XP level 10. HP: 12/82 MP: 13/13
 10483 | D:8      | Found a shimmering altar of Xom.
 10978 | D:9      | Noticed a skeletal warrior
 10997 | D:9      | Killed a skeletal warrior
 10998 | D:9      | Reached skill level 1 in Dodging
 11073 | D:9      | Noticed a skeletal warrior
 11073 | D:9      | Noticed a skeletal warrior
 11110 | D:9      | Killed a skeletal warrior
 11110 | D:9      | Reached **** piety under Okawaru
 11127 | D:9      | Killed a skeletal warrior
 11376 | D:9      | Noticed a skeletal warrior
 11376 | D:9      | Noticed a skeletal warrior
 11401 | D:9      | Killed a skeletal warrior
 11402 | D:9      | Reached skill level 12 in Long Blades
 11420 | D:9      | Slain by a skeletal warrior

Illustrated notes

Levels and vault maps discovered:
D:1:      sevenhm_arrival_forest_fort_large_2, layout_rooms, serial_aquarium,
          aquarium_bridge_long_joined [aquarium_subvault_wall,
          aquarium_subvault_bridge, aquarium_subvault_bridge,
          aquarium_subvault_bridge, aquarium_subvault_wall,
          aquarium_subvault_window], aquarium_window_1, aquarium_window_2,
          aquarium_window_1, aquarium_view_2d, aquarium_view_2b,
          aquarium_pool_S, hellmonk_ecumenical_altar_watching_god,
          hangedman_abyss_or_decor_stabs
D:2:      layout_basic, serial_corexii_hall, corexii_hall_statues_l,
          corexii_hall_statues_l, corexii_hall_statues_t,
          chequers_hall_statues_wall_a, fountainhead, uniq_terence
D:3:      layout_rooms, corner_web_ring
D:4:      layout_cave_pools, general_overflow_altar,
          minmay_temple_entry_mini_moons, portal_sewer_entry_a,
          nicolae_kite_square_tiling_tiny, dreamdust_princess_bridge,
          st_stairs_3, eino_small_chamber_without_monster, nrook_loot_triangle,
          kennysheep_small_square
D:5:      layout_rooms, grunt_dithmenos_smoke, nicolae_overflow_squiral,
          minmay_misc_feat_more_columns, grunt_decor_resistance
D:6:      layout_cave_pods, nicolae_uskayaw_murder_on_the_dancefloor
D:7:      layout_loops_ring, nicolae_ossuary_entry_plus, serial_shops, shop,
          serial_aquarium, aquarium_bridge_square [aquarium_subvault_bridge,
          aquarium_subvault_bridge, aquarium_subvault_bridge,
          aquarium_subvault_balcony], aquarium_window_fake,
          aquarium_window_fake, aquarium_window_3, aquarium_window_fake,
          aquarium_view_2e, aquarium_view_2e, aquarium_pool_split, uniq_menkaure
D:8:      layout_basic, mainiacjoe_overflow_small_starburst,
          minmay_crystal_room, uniq_gastronok
D:9:      layout_cave_pods, old_standard_altar, nicolae_fountain_basement
Temple:   minmay_temple_forest_path

Skill      XL: |  1  2  3  4  5  6  7  8  9 10 |
---------------+-------------------------------+-----
Long Blades    | 3 4 5 6 7 8 11 12 | 12.2
Armour         | 4 5 6 8 9 |  9.2
Fighting       | 4 5 6 8 9 |  9.2
Shields        | 4 |  4.5
Invocations    | 1 2 3 5 |  5.8
Dodging        | 2 |  2.9

Action                   |  1- 3 |  4- 6 |  7- 9 | 10-12 || total
-------------------------+-------+-------+-------+-------++-------
Melee: Long sword        |   108 |   201 |   442 |   108 ||   859
Throw: Javelin           |     3 |     5 |     5 |       ||    13
       Boomerang         |       |       |     1 |       ||     1
Invok: Heroism           |       |       |     4 |     3 ||     7
 Abil: Hop               |       |     2 |     1 |       ||     3
  Use: Potion            |       |     4 |     3 |     1 ||     8
       Scroll            |       |       |    16 |       ||    16
Armor: Scale mail        |    62 |    82 |     5 |       ||   149
       Chain mail        |       |       |   224 |    23 ||   247
Dodge: Dodged            |    54 |   131 |   285 |    32 ||   502
Block: Buckler           |    30 |    67 |   107 |    17 ||   221
